 Dungeon Crawl Stone Soup version 0.30-a0-586-g23e55c9e0a (webtiles) character file.

Game seed: 12729504039550745861

66 BlackLaughter the Digger (level 4, 0/24 HPs)
             Began as a Gargoyle Earth Elementalist on Jan 3, 2023.
             Slain by a gnoll
             ... wielding a +0 whip
              (1 damage)
             ... on level 1 of the Dungeon.
             The game lasted 00:06:53 (1105 turns).

BlackLaughter the Digger (GrEE)                     Turns: 1105, Time: 00:06:53

Health: 0/24       AC:  9    Str: 11    XL:     4   Next: 15%
Magic:  0/7        EV:  8    Int: 18    God:
Gold:   74         SH:  0    Dex: 10    Spells: 7/8 levels left

rFire   . . .      SeeInvis .    i - +0 short sword
rCold   . . .      Faith    .    (no shield)
rNeg    + . .      Spirit   .    h - +0 scale mail
rPois   ∞          Reflect  .    (no helmet)
rElec   +          Harm     .    (no cloak)
rCorr   .          Rampage  .    (no gloves)
Will    .....                    (no boots) Stlth
                                 (no amulet)
HPRegen 0.24/turn                (no ring)
MPRegen 0.10/turn                (no ring)

@: no status effects
A: sickness immunity, AC +3, negative energy resistance 1, electricity
resistance, torment resistance 1, petrification resistance
a: no special abilities


You were on level 1 of the Dungeon.
You visited 1 branch of the dungeon, and saw 2 of its levels.

You collected 74 gold pieces.

Inventory:

Hand Weapons
 g - a +0 dagger
 i - a +0 short sword (weapon)
Armour
 a - a +0 robe
 h - a +0 scale mail (worn)
Scrolls
 d - a scroll of amnesia {unknown}
 e - 3 scrolls of identify {unknown}
 f - a scroll of fog {unknown}
Potions
 b - a potion of magic
 c - a potion of heal wounds {unknown}


   Skills:
 + Level 2.0 Dodging
 + Level 2.2 Stealth
 + Level 0.2 Unarmed Combat
 + Level 2.6 Spellcasting
 + Level 1.0 Transmutations
 + Level 4.9 Earth Magic


You had 7 spell levels left.
You knew the following spells:

 Your Spells              Type           Power      Damage    Failure   Level
a - Sandblast             Erth           40%        2d10      14%         1

Your spell library contained the following spells:

 Spells                   Type           Power      Damage    Failure   Level
 Passwall                 Tmut/Erth      10%        N/A       43%         2
 Stone Arrow              Conj/Erth      22%        3d8       75%         3
 Petrify                  Tmut/Erth      13%        N/A       97%         4


Dungeon Overview and Level Annotations

Branches:
Dungeon (2/15)

Altars:


Innate Abilities, Weirdness & Mutations

You are immune to sickness and miasma.
Your stone body is resilient. (AC +3)
You are immune to poison.
You resist negative energy. (rN+)
You are resistant to electric shocks. (rElec)
You are resistant to unholy torment.
You are immune to petrification.


Message History

The gnoll barely misses you. The gnoll attacks as you move away!
The gnoll barely misses you.
You see here a +0 whip.
Aiming: Sandblast (safe; 16% risk of failure)
Press: ? - help, Q - select action Shift-Dir - straight line, f/p - gnoll
Aim: a gnoll, wielding a +0 whip (84% to hit)
The blast of sand hits the gnoll.
The gnoll is almost dead.
The gnoll barely misses you. x2; The gnoll hits you with a +0 whip.
* * * LOW HITPOINT WARNING * * *
The gnoll hits you with a +0 club.
* * * LOW HITPOINT WARNING * * *
The gnoll attacks as you move away! The gnoll barely misses you.
The gnoll attacks as you move away! The gnoll hits you but does no damage.
Things that are here:
a +0 club; a gnoll corpse The gnoll attacks as you move away!
The gnoll barely misses you.
You see here a +0 whip.
The gnoll attacks as you move away! The gnoll hits you but does no damage.
Aiming: Sandblast (safe; 16% risk of failure)
Press: ? - help, Q - select action Shift-Dir - straight line, f/p - gnoll
Aim: a gnoll, wielding a +0 whip (84% to hit)
The blast of sand hits the gnoll.
You kill the gnoll!
You have reached level 4!
You feel clever. The gnoll attacks as you move away!
The gnoll barely misses you.
Things that are here:
a +0 club; a gnoll corpse
Aiming: Sandblast (safe; 14% risk of failure)
Press: ? - help, Q - select action Shift-Dir - straight line, f/p - gnoll
Aim: a gnoll, wielding a +0 whip (85% to hit)
The blast of sand hits the gnoll!
The gnoll is heavily wounded.
The gnoll hits you with a +0 whip!
* * * LOW HITPOINT WARNING * * *
The gnoll hits you with a +0 whip.
* * * LOW HITPOINT WARNING * * *
The gnoll attacks as you move away! The gnoll hits you with a +0 whip.
You die...

#..####.##.....#≈~~~###.# #####
##.[.....#......#≈##~#.#.###....
#......###.....(#≈~~~#...#......
#.#.##.# #......######'#####....
#.#.##.# ##.....#### #..# ###.#
#.#....# ##...>...####.# #.#
#.###..# ##.#)##.#....#### #.#
#......######.#g##)#.......# #.#
##.......##....@##.#..#.##.###..
#.##.##.##.#.#..)...(..##......
#.##.##.##.#......#..####.###..
#.##.......###.......####.##...
#.#####.#### #######......##...
#.#####.# ######.##).. #.......#
#....(... ######### #.###..#.
#.#......


You could see a gnoll.

Vanquished Creatures
  3 gnolls
  2 dart slugs (D:1)
  5 bats (D:1)
  4 endoplasms (D:1)
  2 giant cockroaches (D:1)
  4 goblins (D:1)
  2 jackals (D:1)
  2 quokkas (D:1)
  A ball python (D:1)
  A frilled lizard (D:1)
  4 kobolds (D:1)
  2 rats (D:1)
32 creatures vanquished.

Notes
Turn   | Place    | Note
-------+----------+-------------------------------------------
     0 | D:1      | BlackLaughter the Gargoyle Earth Elementalist began the
                  | quest for the Orb.
     0 | D:1      | Reached XP level 1. HP: 10/10 MP: 3/3
    76 | D:1      | Reached skill level 1 in Transmutations
   132 | D:1      | Reached skill level 4 in Earth Magic
   132 | D:1      | Reached XP level 2. HP: 10/15 MP: 1/5
   700 | D:1      | Reached XP level 3. HP: 19/19 MP: 3/6
  1099 | D:1      | Reached XP level 4. HP: 8/24 MP: 0/7
  1103 | D:1      | HP: 1/24 [gnoll/+0 whip (2)]
  1105 | D:1      | Slain by a gnoll

Illustrated notes

Levels and vault maps discovered:
D:1:      ncdulo_wetmaze, layout_loops_cross
D:2:      layout_rooms, serial_shops, shop, corner_web_ring,
          hangedman_decor_slide_cut, dilly_guarded_unrand_morg

Skill      XL: |  1  2  3 |
---------------+----------+-----
Transmutations | 1 |  1.0
Earth Magic    | 4 |  4.9
Dodging        | 2 |  2.0
Stealth        | |  2.2
Unarmed Combat | |  0.2
Spellcasting   | |  2.6

Action                   |  1- 3 |  4- 6 || total
-------------------------+-------+-------++-------
Melee: Unarmed           |    26 |       ||    26
       Dagger            |     6 |       ||     6
 Cast: Sandblast         |    56 |     1 ||    57
Armor: Robe              |    27 |       ||    27
       Scale mail        |     5 |       ||     5
Dodge: Dodged            |    54 |     1 ||    55

Table legend: (Time is in decaauts)
 A = Elapsed time spent in this place.
 B = Non-inter-level travel time spent in this place.
 C = Inter-level travel time spent in this place.
 D = Time resting spent in this place.
 E = Time spent auto-exploring this place.
 F = Levels seen in this place.
 G = Mean time per level.
                   A        B        C        D        E       F      G
               +--------+--------+--------+--------+--------+-----+--------+
         Total |   1141 |   1085 |     56 |      0 |    844 |   2 |  570.5 |
       Dungeon |   1141 |   1085 |     56 |      0 |    844 |   2 |  570.5 |
               +--------+--------+--------+--------+--------+-----+--------+

Top non-repeatable levels by time:
     D:1: 1129 daAuts
     D:2: 12 daAuts
